 Dungeon Crawl Stone Soup version 0.23.2-1-ga50397a (webtiles) character file.

Game seed: 11861026658579026735

11 Alelolelolen the Sneak (level 2, 0/13 HPs)
             Began as a Spriggan Enchanter on May 28, 2019.
             Slain by a giant cockroach (2 damage)
             ... on level 1 of the Dungeon.
             The game lasted 00:01:46 (1051 turns).

Alelolelolen the Sneak (Spriggan Enchanter)         Turns: 1051, Time: 00:01:47

Health: 0/13       AC:  2    Str:  4    XL:     2   Next: 17%
Magic:  0/6        EV: 18    Int: 16    God:
Gold:   35         SH:  0    Dex: 16    Spells: 3/6 levels left

rFire    . . .     SeeInvis +   a - +1 dagger
rCold    . . .     Gourm    .   (shield restricted)
rNeg     . . .     Faith    .   b - +0 robe
rPois    .         Spirit   .   (helmet restricted)
rElec    .         Reflect  .   (no cloak)
rCorr    .         Harm     .   (gloves unavailable)
MR       +....                  (boots unavailable)
Stlth    +++.......             (no amulet)
HPRegen  0.04/turn              j - ring of protection from magic
MPRegen  0.10/turn              (no ring)

@: very slightly contaminated, very quick
A: very small, unfitting armour, see invisible, herbivore, speed 3, slow
metabolism 2
a: no special abilities


You were on level 1 of the Dungeon.
You were not hungry.

You visited 1 branch of the dungeon, and saw 1 of its levels.

You collected 35 gold pieces.

Inventory:

Hand Weapons
 a - a +1 dagger (weapon)
Armour
 b - a +0 robe (worn)
Jewellery
 j - a ring of protection from magic (left hand)
Scrolls
 e - a scroll of fog {unknown}
 f - a scroll of fear {unknown}
 g - a scroll of amnesia {unknown}
 h - a scroll of identify {unknown}
 i - a scroll of remove curse {unknown}
Potions
 c - a potion of curing {unknown}
Comestibles
 d - 2 rations


   Skills:
 + Level 1.3 Short Blades
 + Level 3.2 Dodging
 * Level 4.8 Stealth
 + Level 2.8 Spellcasting
 + Level 3.7 Hexes


You had 3 spell levels left.
You knew the following spells:

 Your Spells              Type           Power        Failure   Level  Hunger
a - Corona                Hex            ##.....      4%          1    #......
b - Ensorcelled Hibernat  Hex/Ice        #.....       13%         2    ##.....

Your spell library contained the following spells:

 Spells                   Type           Power        Failure   Level  Hunger
 Confuse                  Hex            ##......     12%         3    ###....
 Tukima's Dance           Hex            ##......     12%         3    ###....
 Dazzling Spray           Conj/Hex       #.....       26%         3    ###....


Dungeon Overview and Level Annotations

Branches:
Dungeon (1/15)

Altars:
Okawaru


Innate Abilities, Weirdness & Mutations

You are very small and have problems with some larger weapons.
You are too small for most types of armour.
You have supernaturally acute eyesight. (SInv)
You are a herbivore.
You cover ground extremely quickly.
You need to consume almost no food.


Message History

You miscast Ensorcelled Hibernation.
You are very lightly contaminated with residual magic.
Nothing appears to happen.
The kobold hits you with a +0 short sword.
* * * LOW HITPOINT WARNING * * *
Casting: Ensorcelled Hibernation (safe; 13% risk of failure)
Confirm with . or Enter, or press ? or * to list all spells.
Aiming: Ensorcelled Hibernation (safe; 13% risk of failure)
Press: ? - help, Shift-Dir - straight line, f/p - kobold
Aim: a kobold, wielding a +0 short sword (chance to defeat MR: 57%)
The kobold resists with significant effort.
The kobold misses you.
You hit the kobold but do no damage. You hit the kobold but do no damage.
The kobold misses you.
You hit the kobold but do no damage. The kobold completely misses you.
You hit the kobold but do no damage. The kobold barely misses you.
You hit the kobold.
You kill the kobold!
You closely miss the giant cockroach. The giant cockroach bites you.
You die...

##.# #..# #.##
####.## #......
#.##### #.# #
######### #.# #
#....@s.# #.# #
#.#####.# #.##### ..
#.########...... ..
#.#.....######## #.
#.#.##..s....#
..#..##K#.##..####.#
#.......#.#......#.#
......†.s.K......#.#
#########.##..#..#.#


You could see a giant cockroach.

Vanquished Creatures
  3 goblins (D:1)
  A hobgoblin (D:1)
  5 bats (D:1)
  3 kobolds (D:1)
12 creatures vanquished.

Notes
Turn   | Place    | Note
-------+----------+-------------------------------------------
     0 | D:1      | Alelolelolen the Spriggan Enchanter began the quest for the
                  | Orb.
     0 | D:1      | Reached XP level 1. HP: 9/9 MP: 5/5
   280 | D:1      | Found an iron altar of Okawaru.
   813 | D:1      | Reached XP level 2. HP: 10/13 MP: 6/6
  1043 | D:1      | Learned a level 2 spell: Ensorcelled Hibernation
  1051 | D:1      | Slain by a giant cockroach

Action                   || total
-------------------------++-------
Melee: Dagger            ||    59
 Cast: Ensorcelled Hiber ||     2
 Stab: Sleeping          ||     5
Armor: Robe              ||     8
Dodge: Dodged            ||    69
